AoeStats
← Yahel

Fortress

510420192Analyzed
1v1 RM · 2d ago on Sep 30, 2026· 62m 59s· 2 players
Game mode
Random Map
Map size
Small (3 player)
Population
200
Speed
Normal
Resources
Standard
Victory
Conquest
Starting age
Dark Age
Ending age
Imperial Age
RankedLock teamsTeams togetherTeam positionsShared explorationLock speedFull tech treeHidden civsTurbo modeCheats
Victory
Defeat
🇺🇸 Khmer · United States
1209
+15
🇧🇬 Franks · Bulgaria
1177
-15
Yahel
1:45 Loom
7:49 Feudal Age
9:02 Double-Bit Axe
12:08 Castle Age
10:42 Scale Barding Armor
10:34 Fletching
10:53 Gold Mining
12:20 Forging
13:00 Town Watch
16:37 Bow Saw
18:56 Wheelbarrow
23:33 Imperial Age
21:58 Husbandry
22:55 Stone Mining
23:45 Gold Shaft Mining
23:30 Elite Skirmisher
25:18 Chemistry
24:52 Chain Barding Armor
26:56 Plate Barding Armor
26:56 Hand Cart
27:25 Bodkin Arrow
28:21 Ballistics
28:23 Padded Archer Armor
28:49 Conscription
31:39 Cavalier
32:55 Leather Archer Armor
33:15 Iron Casting
33:21 Onager
36:38 Fortified Wall
36:21 Paladin
39:13 Blast Furnace
40:04 Masonry
39:52 Murder Holes
42:19 Scale Mail Armor
43:17 Chain Mail Armor
42:25 Pikeman
43:07 Squires
42:52 Arson
44:23 Halberdier
45:31 Gambesons
48:46 Plate Mail Armor
WoodyMercury901
7:11 Feudal Age
12:26 Castle Age
10:49 Stone Mining
11:06 Double-Bit Axe
11:25 Horse Collar
12:15 Gold Mining
13:35 Wheelbarrow
17:36 Loom
22:09 Bow Saw
22:37 Gold Shaft Mining
26:34 Imperial Age
28:30 Double Crossbow
30:29 Bloodlines
31:11 Light Cavalry
32:22 Devotion
33:34 Ballistics
35:30 Siege Engineers
36:05 Hand Cart
36:22 Husbandry
37:03 Scale Barding Armor
38:33 Heavy Plow
40:42 Chemistry
40:05 Chain Barding Armor
40:29 Elite Ballista Elephant
43:12 Tusk Swords
45:48 Conscription
46:11 Plate Barding Armor
45:47 Forging
47:42 Elite Battle Elephant
50:55 Fortified Wall
55:15 Iron Casting
59:50 Blast Furnace
Connection lost

Rejoining the realm…

Still unreachable

The connection could not be restored.

Session expired

The server has moved on; the page needs a fresh start.